 Dungeon Crawl Stone Soup version 0.30-a0-371-gad7725a93e (webtiles) character file.

Game seed: 1129889482330472515

1342 funkygono the Firebug (level 8, -11/63 HPs)
             Began as a Human Cinder Acolyte on Nov 20, 2022.
             Was a Follower of Ignis.
             Mangled by a bog mummy (14 damage)
             ... in an ossuary on Nov 21, 2022.
             The game lasted 00:09:36 (3865 turns).

funkygono the Firebug (Human Cinder Acolyte)        Turns: 3865, Time: 00:09:37

Health: -11/63     AC: 10    Str: 17    XL:     8   Next: 93%
Magic:  15/15      EV: 12    Int: 14    God:    Ignis [*.....]
Gold:   1255       SH:  0    Dex:  9    Spells: 13/16 levels left

rFire   + . .      SeeInvis .    a - -1 falchion (flame)
rCold   . . .      Faith    .    (no shield)
rNeg    . . .      Spirit   .    b - +0 robe
rPois   .          Reflect  .    (no helmet)
rElec   .          Harm     .    (no cloak)
rCorr   .          Rampage  .    (no gloves)
Will    .....                    o - +0 pair of boots
Stlth   +.........               h - amulet of magic regeneration
HPRegen 0.30/turn                (no ring)
MPRegen 0.54/turn                (no ring)

@: fiery-armoured, slowed, very slow
A: no striking features
a: Renounce Religion, Fiery Armour, Foxfire Swarm, Rising Flame


You were in an ossuary.
You worshipped Ignis.
Ignis was aware of your devotion.
You visited 1 branch of the dungeon, and saw 5 of its levels.
You also visited: Ossuary.

You collected 1255 gold pieces.

Inventory:

Hand Weapons
 a - a -1 falchion of flaming (weapon)
Missiles
 c - a throwing net (quivered)
Armour
 b - a +0 robe (worn)
 o - a +0 pair of boots (worn)
Jewellery
 h - an amulet of magic regeneration (around neck)
Scrolls
 e - 2 scrolls of teleportation
 g - a scroll of fog
 j - 3 scrolls of blinking
 r - a scroll of summoning {unknown}
 s - a scroll of immolation {unknown}
Potions
 d - a potion of magic {unknown}
 f - 3 potions of haste {unknown}
 i - a potion of heal wounds
 k - a potion of ambrosia {unknown}
 l - 3 potions of lignification
 m - 4 potions of degeneration {unknown}
 n - a potion of attraction {unknown}
 p - a potion of curing {unknown}
 q - a potion of might {unknown}
 t - a potion of mutation {unknown}


   Skills:
 * Level 5.5 Fighting
 + Level 4.4 Long Blades
 + Level 2.3 Dodging
 + Level 4.9 Spellcasting
 + Level 6.2 Fire Magic
 + Level 2.0 Earth Magic


You had 13 spell levels left.
You knew the following spells:

 Your Spells              Type           Power      Damage    Failure   Level
a - Scorch                Fire           40%        2d7       1%          2
b - Sandblast             Erth           18%        2d7       8%          1

Your spell library contained the following spells:

 Spells                   Type           Power      Damage    Failure   Level
 Passwall                 Tmut/Erth      5%         N/A       17%         2
 Cigotuvi's Dreadful Rot  Necr/Pois/Air  6%         N/A       26%         2
 Poisonous Vapours        Pois/Air       6%         N/A       26%         2
 Stone Arrow              Conj/Erth      12%        3d7       34%         3
 Mephitic Cloud           Conj/Pois/Air  3%         N/A       47%         3
 Anguish                  Hex/Necr       1%         N/A       87%         4
 Enfeeble                 Hex            1%         N/A       100%        7


Dungeon Overview and Level Annotations

Branches:
Dungeon (5/15)             Temple (0/1) D:4         Ossuary (1/1)

Altars:
Hepliaklqana

Shops:
D:1 [


Message History

The bullfrog zombie is burned by your cloak of flames.
The bullfrog zombie is heavily damaged.
The bullfrog zombie hits you but does no damage.
The bullfrog zombie is burned by your cloak of flames.
The bullfrog zombie is heavily damaged.
You hit the bullfrog zombie. You burn the bullfrog zombie.
The bullfrog zombie is severely damaged.
The bullfrog zombie hits you.
* * * LOW HITPOINT WARNING * * *
The bullfrog zombie is burned by your cloak of flames.
The bullfrog zombie is severely damaged.
The bullfrog zombie hits you but does no damage.
The bullfrog zombie is burned by your cloak of flames.
The bullfrog zombie is almost destroyed.
You hit the bullfrog zombie. You burn the bullfrog zombie.
You destroy the bullfrog zombie!
The bog mummy hits you!
* * * LOW HITPOINT WARNING * * *
The bog mummy is burned by your cloak of flames.
The bog mummy is lightly damaged.
You hit the bog mummy. You burn the bog mummy.
The bog mummy is heavily damaged.
The bog mummy barely misses you.
You hit the bog mummy. You burn the bog mummy.
The bog mummy is heavily damaged.
You barely miss the bog mummy.
The bog mummy is heavily damaged.
The bog mummy casts a spell at you.
You feel yourself slow down.
You hit the bog mummy but do no damage.
The bog mummy is heavily damaged.
The bog mummy misses you.
You barely miss the bog mummy.
The bog mummy is heavily damaged.
The bog mummy closely misses you.
Unknown command.
You barely miss the bog mummy.
The bog mummy is heavily damaged.
The bog mummy hits you!
You die...

#.'.# ~~.
#'#####.### ##...
........'.#
~#Z.#####'#####.###
.~.#..∩# #...#.'.#
##~.#.∩.###...#Z###
#..~#...#.#...#.'.#
##~~##'##'##'##.###
#..~~...~~.@M...+
#~#+#+#+#+#'#'#+#
#.#.# #####


You could see a bog mummy.

Vanquished Creatures
  Menkaure (D:4)
  A hornet zombie (Ossuary)
  An ogre (D:3)
  A phantom (D:5)
  A wyvern zombie (Ossuary)
  2 water moccasin zombies (Ossuary)
  A hound (D:5)
  6 bullfrog zombies (Ossuary)
  3 centaur zombies (Ossuary)
  An orc priest (D:5)
  2 iguanas (D:4)
  An orc wizard (D:5)
  2 killer bee zombies (Ossuary)
  10 mummies (Ossuary)
  2 howler monkey zombies (Ossuary)
  3 gnolls (D:5)
  5 adders
  4 worms (D:2)
  3 dart slugs
  5 orcs
  6 bats
  8 endoplasms
  3 giant cockroaches
  10 goblins
  8 hobgoblins
  5 kobolds
  6 quokkas
  8 ball pythons
  5 frilled lizards
  5 rats
119 creatures vanquished.

Vanquished Creatures (others)
  7 withered plants (Ossuary)
7 creatures vanquished.

Grand Total: 126 creatures vanquished

Notes
Turn   | Place    | Note
-------+----------+-------------------------------------------
     0 | D:1      | funkygono the Human Cinder Acolyte began the quest for the
                  | Orb.
     0 | D:1      | Reached XP level 1. HP: 18/18 MP: 2/2
   103 | D:1      | Found a faded altar of an unknown god.
   282 | D:1      | Reached XP level 2. HP: 18/24 MP: 3/3
   285 | D:1      | Learned a level 2 spell: Scorch
   378 | D:1      | Found Dodampeu's Antique Armour Boutique.
   678 | D:2      | Reached XP level 3. HP: 16/29 MP: 2/4
  1141 | D:2      | Reached XP level 4. HP: 30/35 MP: 5/5
  1788 | D:3      | Reached XP level 5. HP: 42/42 MP: 4/7
  1819 | D:3      | Learned a level 1 spell: Sandblast
  1922 | D:3      | Found a hazy altar of Hepliaklqana.
  2114 | D:3      | Noticed an ogre
  2121 | D:3      | Killed an ogre
  2122 | D:3      | Reached skill level 4 in Fire Magic
  2122 | D:3      | Reached XP level 6. HP: 13/48 MP: 3/10
  2539 | D:3      | Identified a scroll of acquirement
  2539 | D:3      | Acquired 1063 gold pieces
  2939 | D:4      | Found a staircase to the Ecumenical Temple.
  3055 | D:4      | Noticed Menkaure
  3065 | D:4      | Killed Menkaure
  3066 | D:4      | Reached skill level 1 in Earth Magic
  3066 | D:4      | Reached XP level 7. HP: 30/54 MP: 8/12
  3305 | D:5      | Entered Level 5 of the Dungeon
  3476 | D:5      | Found a sand-covered staircase.
  3507 | D:5      | Reached skill level 1 in Dodging
  3519 | Ossuary  | Entered an ossuary
  3595 | Ossuary  | Reached skill level 5 in Fire Magic
  3618 | Ossuary  | Reached XP level 8. HP: 60/61 MP: 14/14
  3623 | Ossuary  | Reached skill level 5 in Fighting
  3730 | Ossuary  | Reached skill level 6 in Fire Magic
  3848 | Ossuary  | HP: 3/62 [hornet zombie (2)]
  3859 | Ossuary  | HP: 1/63 [bog mummy (14)]
  3865 | Ossuary  | Mangled by a bog mummy

Illustrated notes

Levels and vault maps discovered:
D:1:      dpeg_arrival_water_temple_mockup, layout_basic,
          hellmonk_ecumenical_altar_run_dry, serial_shops,
          nicolae_shop_statue_plus, due_unseen_surprise
D:2:      minmay_razor_zed, layout_loops_ring, st_stairs_10
D:3:      layout_loops_cross, worldfamousw_hep_ancestral_shrine
D:4:      layout_basic, minmay_temple_entry_arrows, uniq_menkaure
D:5:      layout_basic, nicolae_ossuary_entry_false_entrances,
          nrook_mini_backslash, uniq_crazy_yiuf_cottage
Ossuary:  ossuary_zaba_flooded

Skill      XL: |  1  2  3  4  5  6  7  8 |
---------------+-------------------------+-----
Fighting       | 4 5 |  5.5
Spellcasting   | 2 3 4 |  4.9
Fire Magic     | 4 5 6 |  6.2
Earth Magic    | 1 2 |  2.0
Dodging        | 1 2 |  2.3
Long Blades    | 4 |  4.4

Action                   |  1- 3 |  4- 6 |  7- 9 || total
-------------------------+-------+-------+-------++-------
Melee: Falchion          |    59 |    19 |   111 ||   189
       Punch             |       |     1 |     1 ||     2
 Cast: Scorch            |    18 |    48 |    29 ||    95
       Sandblast         |       |    17 |     9 ||    26
Invok: Fiery Armour      |     2 |     5 |     4 ||    11
  Use: Scroll            |       |     9 |       ||     9
       Potion            |       |       |     1 ||     1
Armor: Robe              |    17 |     7 |    59 ||    83
Dodge: Dodged            |    23 |    25 |    87 ||   135

Table legend: (Time is in decaauts)
 A = Elapsed time spent in this place.
 B = Non-inter-level travel time spent in this place.
 C = Inter-level travel time spent in this place.
 D = Time resting spent in this place.
 E = Time spent auto-exploring this place.
 F = Levels seen in this place.
 G = Mean time per level.
                   A        B        C        D        E       F      G
               +--------+--------+--------+--------+--------+-----+--------+
         Total |   3902 |   3807 |     95 |    118 |   2842 |   6 |  650.3 |
       Dungeon |   3540 |   3445 |     95 |     58 |   2749 |   5 |  708.0 |
       Ossuary |    362 |    362 |      0 |     60 |     93 |   1 |  362.0 |
               +--------+--------+--------+--------+--------+-----+--------+

Top non-repeatable levels by time:
     D:2: 1070 daAuts
     D:3: 857 daAuts
     D:4: 728 daAuts
     D:1: 668 daAuts
 Ossuary: 362 daAuts
     D:5: 216 daAuts
